 Dungeon Crawl Stone Soup version 0.21-a0-84-g85d6d27 (webtiles) character file.

93 KeiKoneko the Ducker (level 4, -1/44 HPs)
             Began as a Troll Fighter on June 26, 2017.
             Slain by a goblin (3 damage)
             ... led by Robin
             ... on level 2 of the Dungeon.
             The game lasted 00:14:39 (2033 turns).

KeiKoneko the Ducker (Troll Fighter)                Turns: 2033, Time: 00:14:40

Health: -1/44      AC:  0    Str: 24    XL:     4   Next: 36%
Magic:  3/3        EV: 21    Int:  4    God:
Gold:   63         SH:  0    Dex: 15    Spells: 3/3 levels left

rFire    . . .     SeeInvis .   (weapon currently unavailable)
rCold    . . .     Gourm    +   (shield currently unavailable)
rNeg     . . .     Faith    .   (armour currently unavailable)
rPois    .         Spirit   .   (helmet currently unavailable)
rElec    .         Reflect  .   (cloak currently unavailable)
rCorr    .         Harm     .   (gloves unavailable)
MR       .....                  (boots unavailable)
Stlth    +.........             (no amulet)
HPRegen  0.54/turn              (ring currently unavailable)
MPRegen  0.08/turn              (ring currently unavailable)

@: bat-form, flying, very quick
A: unfitting armour, fast metabolism 3, gourmand, regeneration 1
a: no special abilities


You were on level 2 of the Dungeon.
You were very full.
You were in bat-form.
You visited 1 branch of the dungeon, and saw 2 of its levels.

You collected 63 gold pieces.

Inventory:

Hand Weapons
 a - a +0 flail (melded)
 g - a +0 whip
 i - a +0 dagger
 l - a +0 short sword
 m - a +0 dagger
 o - a cursed -3 whip
 p - a +0 dagger
Missiles
 n - 52 stones (quivered)
 q - 16 sling bullets
 r - 41 bolts
Armour
 b - a +0 robe (melded)
 c - a +0 shield (melded)
 e - a +0 robe
 j - a +0 robe
Jewellery
 h - a ring of magical power (melded)
 k - a +3 ring of dexterity (melded)
Potions
 d - a potion of might
Comestibles
 f - 3 bread rations
 s - a royal jelly
 t - a chunk of flesh


   Skills:
 + Level 2.7 Fighting
 + Level 2.6 Maces & Flails
 + Level 3.1 Dodging
 + Level 0.2 Stealth
 + Level 3.0 Shields


You had 3 spell levels left.
You didn't know any spells.

Dungeon Overview and Level Annotations

Branches:
Dungeon (2/15)

Altars:
Cheibriados

Annotations:
D:2 Robin


Innate Abilities, Weirdness & Mutations

You are too large for most types of armour.
((You have claws for hands.))
Your metabolism is lightning-fast.
You like to eat raw meat.
Your natural rate of healing is unusually fast.
((You are covered in fur. (AC +1)))
((You have very tough skin. (AC +2)))


Message History

Robin hits you from afar with a trident of protection.
The goblin hits you. The goblin barely misses you.
You hit the goblin.
The goblin is heavily wounded.
The giant cockroach barely misses you. The goblin completely misses you.
The goblin closely misses you.
You hit the goblin.
The goblin is severely wounded.
The giant cockroach completely misses you.
The goblin closely misses you. The goblin hits you.
The goblin hits you with a club!
* * * LOW HITPOINT WARNING * * *
The goblin hits you.
* * * LOW HITPOINT WARNING * * *
The giant cockroach barely misses you.
You hit the goblin.
The goblin is moderately wounded.
Robin roars a battlecry!
The goblin hits you.
You die...

####### #......
.####. ##. ##..
####### #...
#### #g....#
##.. ...#
###bgg..# #.#
##.# #.ggsg..#
#. #.#
#§#.......r.
#.# #.#
#§#.........
..# #.#
#§§≈≈.###.##
##.# ##.# ##
##≈≈≈≈≈.## #
#..# .#.####
##.##_≈≈.≈≈..#
#.# .#....#
#...##≈≈≈≈≈....
# #.. ####.##
#.#...≈≈≈(....
##.###.#


You could see Robin, a giant cockroach, 5 goblins and a rat.

Vanquished Creatures
  3 adders (D:2)
  An ooze (D:1)
  A worm (D:2)
  5 dart slugs
  A leopard gecko (D:1)
  A ball python (D:2)
  2 giant cockroaches
  5 goblins
  3 hobgoblins (D:1)
  8 jackals
  4 bats
  A frilled lizard (D:2)
  7 kobolds
  5 rats
47 creatures vanquished.

Notes
Turn   | Place    | Note
-------+----------+-------------------------------------------
     0 | D:1      | KeiKoneko the Troll Fighter began the quest for the Orb.
     0 | D:1      | Reached XP level 1. HP: 22/22 MP: 0/0
   144 | D:1      | Reached XP level 2. HP: 29/29 MP: 1/1
   620 | D:1      | Reached XP level 3. HP: 36/36 MP: 2/2
  1641 | D:2      | Reached XP level 4. HP: 44/44 MP: 3/3
  1996 | D:2      | Found a snail-covered altar of Cheibriados.
  2013 | D:2      | Noticed Robin
  2032 | D:2      | HP: 2/44 [goblin[Robin] (6)]
  2033 | D:2      | Slain by a goblin

Vault maps used:
D:1:      onia_arrival_pyramid
D:2:      kennysheep_slug_shrine, uniq_robin, uniq_terence

Skill      XL: |  1  2  3  4 |
---------------+-------------+-----
Maces & Flails | 2 |  2.6
Dodging        | 3 |  3.1
Shields        | 3 |  3.0
Fighting       | |  2.7
Stealth        | |  0.2

Action                   |  1- 3 |  4- 6 || total
-------------------------+-------+-------++-------
Melee: Flail             |   127 |    30 ||   157
       Unarmed           |       |    16 ||    16
  Use: Scroll            |     4 |     2 ||     6
  Eat: Chunk             |    19 |     5 ||    24
Armor: Robe              |    60 |    17 ||    77
Dodge: Dodged            |    72 |    67 ||   139
Block: Shield            |    76 |    20 ||    96
